 Dungeon Sprint DCSS version 0.21-a0-442-g848f44b (webtiles) character file.

5517 Kidiri the Fighter (level 10, 0/97 HPs)
             Began as a Black Draconian Transmuter on Nov 16, 2017.
             Was a High Priest of Sif Muna.
             Slain by a merfolk
             ... wielding a +0 glaive
              (8 damage)
             ... in the Dungeon (Sprint VII: "The Pits").
             The game lasted 00:11:45 (3114 turns).

Kidiri the Fighter (Black Draconian Transmuter)     Turns: 3114, Time: 00:11:46

Health: 0/97       AC:  8    Str: 14    XL:     10   Next: 43%
Magic:  16/20      EV: 22    Int: 13    God:    Sif Muna [*****.]
Gold:   0          SH:  0    Dex: 14    Spells: 0/23 levels left

rFire    . . .     SeeInvis .     - Unarmed
rCold    . . .     Gourm    .   (shield currently unavailable)
rNeg     . . .     Faith    .   (armour unavailable)
rPois    .         Spirit   .   p - +1 hat
rElec    +         Reflect  .   (no cloak)
rCorr    .         Harm     .   (gloves currently unavailable)
MR       .....     NoTele   +   (no boots)
Stlth    ++++......             (no amulet)
HPRegen  0.26/turn              r - +3 ring of evasion
MPRegen  0.17/turn              s - +3 ring of evasion

@: blade hands (expiring), very slightly contaminated, invisible
A: breathe lightning, unfitting armour, electricity resistance, cold-blooded, AC
+7
a: Breathe Lightning, End Transformation, Divine Energy, Channel Magic, Forget
Spell, Renounce Religion


You were in the Dungeon.
You worshipped Sif Muna.
Sif Muna was extremely pleased with you.
You were very hungry.
You had blades for hands.
You visited 1 branch

Inventory:

Missiles
 a - 7 arrows
 v - 7 tomahawks (quivered)
Armour
 p - a +1 hat (worn)
Jewellery
 r - a +3 ring of evasion (left scythe-like blade)
 s - a +3 ring of evasion (right scythe-like blade)
Wands
 i - a wand of flame (19/48)
Scrolls
 k - 3 scrolls of remove curse
 l - 5 scrolls of amnesia
 m - a scroll of summoning
Potions
 d - 8 potions of curing
 e - 5 potions of heal wounds
 f - 4 potions of haste
 g - 4 potions of magic
 h - 3 potions of berserk rage
 j - a potion of invisibility
 t - 3 potions of agility
Books
 q - Sif Muna's Papyrus of the Mountains and Attacks
   (Sif Muna gifted it to you in the Dungeon)

   Spells                             Type                      Level
   a - Shock                          Conjuration/Air              1
   b - Leda's Liquefaction            Hexes/Earth                  4
   c - Freezing Cloud                 Conjuration/Ice/Air          6
   d - Bolt of Fire                   Conjuration/Fire             6
   e - Statue Form                    Transmutation/Earth          6
   f - Fire Storm                     Conjuration/Fire             9
Comestibles
 c - 8 bread rations
 n - 29 fruits
 o - 7 meat rations


   Skills:
 * Level 11.6 Fighting
 + Level 7.3 Dodging
 + Level 7.6 Stealth
 * Level 11.2 Unarmed Combat
 + Level 7.3 Spellcasting
 + Level 3.5 Charms
 * Level 11.1 Transmutations
 + Level 6.2 Ice Magic
 + Level 0.6 Earth Magic
 + Level 7.3 Poison Magic


You couldn't memorise any spells.
You knew the following spells:

 Your Spells              Type           Power        Failure   Level  Hunger
a - Beastly Appendage     Tmut           ####..       8%          1    None
b - Sticks to Snakes      Tmut           ####....     9%          2    #......
c - Spider Form           Tmut/Pois      ####......   16%         3    ##.....
d - Ice Form              Ice/Tmut       ####....     30%         4    ####...
e - Blade Hands           Tmut           ####......   30%         5    ######.
f - Song of Slaying       Chrm           ##......     32%         2    #......
g - Statue Form           Tmut/Erth      ###......    99%         6    #######


Dungeon Overview and Level Annotations

Branches:
Dungeon (1/1)

Altars:
Ashenzari
Cheibriados
Dithmenos
Elyvilon
Fedhas
Gozag
Hepliaklqana
Kikubaaqudgha
Makhleb
Nemelex Xobeh
Okawaru
Qazlal
Ru
Sif Muna
Trog
Uskayaw
Vehumet
Wu Jian
Xom
Yredelemnul
Zin
The Shining One
Beogh
Jiyva
Lugonu

Annotations:
D exclusions: 4 doors and 4 more exclusions


Innate Abilities, Weirdness & Mutations

You can breathe wild blasts of lightning.
Your glossy black scales are hard. (AC +7)
You cannot fit into any form of body armour.
You are resistant to electric shocks. (rElec)
You are cold-blooded and may be slowed by cold attacks.


Message History

The vampire mosquito buzzes angrily.
The merfolk closely misses you.
The merfolk throws a tomahawk.
The tomahawk hits the merfolk impaler!!
Unknown command.
You slash the merfolk!
The merfolk is almost dead.
The merfolk completely misses you.
Unknown command.
You strike the helpless merfolk from behind!
You hit the merfolk.
The merfolk is almost dead.
Your transformation is almost over.
The merfolk throws a tomahawk.
The tomahawk hits the merfolk impaler!!
The merfolk impaler dies!
Your Transmutations skill increases to level 11!
The hound stops to sniff the ground.
You closely miss the merfolk.
The merfolk is almost dead.
The merfolk hits you with a glaive!
You die...

############ #_________.#
#_________.#
#_______...###########++#
##########+##............
#.?|.+)[)+.##......#..#..
##########.##............
#)..).))@mmmh............
#+#####+#####.y....#.)#..
#:#..#...'.##..m.........
#.#.)#...#.#####'#####''#
#.#..#####.##....h..##++#
#.#..+...#.##.......##.[.
#.#..+...+.##.......##.†.
#.#..########...<...##..)
#.#..+[))).##.......##...


You could see 3 merfolk, a vampire mosquito (wandering) and a hound.

Vanquished Creatures
  Gastronok (D)
  An orc knight (D)
  A komodo dragon (D)
  A jumping spider (D)
  A merfolk (D)
  A hippogriff (D)
  A redback (D)
  A flying skull (D)
  A hungry ghost (D)
  A steam dragon (D)
  2 wargs (D)
  A water moccasin (D)
  An orc warrior (D)
  2 swamp drakes (D)
  A black bear (D)
  A wolf (D)
  A centaur (D)
  A crocodile (D)
  A gnoll sergeant (D)
  5 killer bees (D)
  3 wights (D)
  A crimson imp (D)
  A hound (D)
  A quasit (D)
  An orc priest (D)
  2 gnoll shamans (D)
  Ijyb (D)
  11 gnolls (D)
  2 river rats (D)
  A white imp (D)
  An ufetubus (D)
  An ooze (D)
  A leopard gecko (D)
  An orc (D)
  2 jackals (D)
  A quokka (D)
  A giant cockroach zombie (D)
  A goblin (D)
  A kobold (D)
60 creatures vanquished.

Vanquished Creatures (others)
  A merfolk impaler (D)
  A gnoll (D)
2 creatures vanquished.

Grand Total: 62 creatures vanquished

Notes
Turn   | Place    | Note
-------+----------+-------------------------------------------
     0 | D        | Kidiri the Draconian Transmuter began the quest for the Orb.
     0 | D        | Reached XP level 1. HP: 16/16 MP: 3/3
    25 | D        | Reached skill level 1 in Stealth
    25 | D        | Reached XP level 2. HP: 4/24 MP: 3/5
    56 | D        | Found a bloodstained altar of Trog.
    56 | D        | Found a deep blue altar of Sif Muna.
    56 | D        | Found a viscous altar of Jiyva.
    56 | D        | Found a hazy altar of Hepliaklqana.
    56 | D        | Found an opulent altar of Gozag.
    57 | D        | Found a glowing golden altar of the Shining One.
    57 | D        | Found a glowing silver altar of Zin.
    57 | D        | Found a basalt altar of Yredelemnul.
    57 | D        | Found a shimmering altar of Xom.
    57 | D        | Found an ornate altar of the Wu Jian Council.
    57 | D        | Found a sacrificial altar of Ru.
    57 | D        | Found a stormy altar of Qazlal.
    57 | D        | Found an iron altar of Okawaru.
    57 | D        | Found a sparkling altar of Nemelex Xobeh.
    57 | D        | Found a burning altar of Makhleb.
    57 | D        | Found a blossoming altar of Fedhas.
    57 | D        | Found a white marble altar of Elyvilon.
    57 | D        | Found a shadowy altar of Dithmenos.
    57 | D        | Found a snail-covered altar of Cheibriados.
    59 | D        | Found a radiant altar of Vehumet.
    59 | D        | Found a corrupted altar of Lugonu.
    59 | D        | Found a roughly hewn altar of Beogh.
    60 | D        | Found a hide-covered altar of Uskayaw.
    60 | D        | Found an ancient bone altar of Kikubaaqudgha.
    60 | D        | Found a shattered altar of Ashenzari.
    64 | D        | Became a worshipper of Sif Muna the Loreminder
    68 | D        | Learned a level 2 spell: Sticks to Snakes
   559 | D        | Reached XP level 3. HP: 20/31 MP: 5/7
   672 | D        | Learned a level 3 spell: Spider Form
   679 | D        | Reached * piety under Sif Muna
   775 | D        | Noticed a black bear
   775 | D        | Noticed a water moccasin
   816 | D        | Noticed a gnoll sergeant
   835 | D        | Reached skill level 1 in Poison Magic
   835 | D        | Reached XP level 4. HP: 40/40 MP: 0/8
   839 | D        | Killed a black bear
   839 | D        | Reached ** piety under Sif Muna
   839 | D        | Reached skill level 5 in Fighting
   839 | D        | Reached skill level 5 in Unarmed Combat
   839 | D        | Reached skill level 5 in Transmutations
   839 | D        | Reached XP level 5. HP: 44/48 MP: 0/10
   843 | D        | Killed a water moccasin
   843 | D        | Reached XP level 6. HP: 45/57 MP: 1/12
   849 | D        | Reached *** piety under Sif Muna
   872 | D        | Learned a level 4 spell: Ice Form
  1072 | D        | Reached skill level 1 in Ice Magic
  1205 | D        | Noticed a komodo dragon
  1212 | D        | Killed a komodo dragon
  1212 | D        | Reached **** piety under Sif Muna
  1212 | D        | Reached skill level 5 in Spellcasting
  1212 | D        | Your scales start taking on a glossy black colour.
  1212 | D        | Reached XP level 7. HP: 67/67 MP: 9/14
  1212 | D        | Gained mutation: You are resistant to electric shocks. (rElec) [Black Draconian growth]
  1223 | D        | Learned a level 5 spell: Blade Hands
  1243 | D        | Noticed a hungry ghost
  1252 | D        | Reached skill level 5 in Dodging
  1264 | D        | Killed a hungry ghost
  1264 | D        | Reached skill level 5 in Stealth
  1421 | D        | Reached ***** piety under Sif Muna
  1421 | D        | Reached XP level 8. HP: 35/75 MP: 11/16
  1423 | D        | Identified Sif Muna's Handbook of Attacks (Sif Muna gifted it to you in the Dungeon)
  1423 | D        | Received a gift from Sif Muna
  1423 | D        | Reached skill level 5 in Poison Magic
  1824 | D        | Noticed a merfolk impaler
  1824 | D        | Noticed a merfolk
  1824 | D        | Noticed a merfolk
  1824 | D        | Noticed a merfolk
  1825 | D        | Noticed a merfolk
  1863 | D        | Killed a merfolk
  2286 | D        | Noticed Gastronok
  2286 | D        | Noticed a jumping spider
  2331 | D        | Killed a jumping spider
  2331 | D        | Identified Sif Muna's Easy Sorcery (Sif Muna gifted it to you in the Dungeon)
  2331 | D        | Received a gift from Sif Muna
  2331 | D        | Reached XP level 9. HP: 50/85 MP: 12/18
  2354 | D        | Learned a level 2 spell: Song of Slaying
  2500 | D        | Reached skill level 10 in Fighting
  2748 | D        | Killed Gastronok
  2748 | D        | Reached skill level 10 in Unarmed Combat
  2748 | D        | Reached skill level 10 in Transmutations
  2748 | D        | Reached skill level 5 in Ice Magic
  2787 | D        | Reached XP level 10. HP: 76/95 MP: 14/20
  2805 | D        | Noticed an orc knight
  2805 | D        | Identified Sif Muna's Papyrus of the Mountains and Attacks (Sif Muna gifted it to you in the Dungeon)
  2805 | D        | Received a gift from Sif Muna
  2847 | D        | Learned a level 6 spell: Statue Form
  2852 | D        | Killed an orc knight
  3050 | D        | Noticed Ijyb
  3070 | D        | Killed Ijyb
  3113 | D        | Killed a merfolk impaler
  3114 | D        | Slain by a merfolk

Vault maps used:
D:        pitsprint

Skill      XL: |  1  2  3  4  5  6  7  8  9 10 |
---------------+-------------------------------+-----
Fighting       | 2 3 4 5 6 7 8 9 11 | 11.6
Dodging        | 2 3 4 5 6 7 |  7.3
Stealth        | 1 2 3 4 5 6 7 |  7.6
Transmutations | 3 4 5 7 8 9 10 11 | 11.1
Unarmed Combat | 4 5 6 7 8 9 10 11 | 11.2
Spellcasting   | 3 4 5 6 7 |  7.3
Poison Magic   | 1 2 3 4 5 6 7 |  7.3
Ice Magic      | 2 3 4 5 6 |  6.2
Charms         | 2 3 |  3.5
Earth Magic    | |  0.6

Action                   |  1- 3 |  4- 6 |  7- 9 | 10-12 || total
-------------------------+-------+-------+-------+-------++-------
Melee: Unarmed           |    53 |    31 |    78 |    36 ||   198
       Kick              |     3 |       |       |       ||     3
       Headbutt          |     3 |       |       |       ||     3
       Tailslap          |     1 |     3 |    10 |     4 ||    18
       Punch             |       |       |     3 |     1 ||     4
 Cast: Beastly Appendage |     3 |       |       |       ||     3
       Spider Form       |     3 |       |       |       ||     3
       Sticks to Snakes  |     2 |       |       |     1 ||     3
       Ice Form          |       |     2 |       |       ||     2
       Blade Hands       |       |       |    12 |     4 ||    16
       Song of Slaying   |       |       |     1 |       ||     1
 Abil: Breathe Lightning |       |       |     5 |     1 ||     6
  Use: Potion            |     1 |       |       |     5 ||     6
       Scroll            |       |     1 |       |       ||     1
 Stab: Sleeping          |     1 |       |       |       ||     1
       Confused          |       |       |     1 |       ||     1
       Invisible         |       |       |       |     2 ||     2
  Eat: Chunk             |       |     1 |     3 |     2 ||     6
       Fruit             |       |       |    11 |       ||    11
Armor: Skin              |    18 |     3 |    15 |     4 ||    40
Dodge: Dodged            |    60 |    30 |    97 |    58 ||   245

Table legend:
 A = Spawn XP
 B = Non-spawn XP
 C = Spawn XP percentage of total XP
 D = Spawn monster count
 E = Non-spawn monster count
 F = Spawn count percentage of total count
 G = Total turns spent on level
                    A         B        C        D         E        F      G
               +---------+---------+-------+---------+---------+-------+---------
         Total |       0 |    7882 |   0.0 |       0 |      61 |   0.0 |  3114
               +---------+---------+-------+---------+---------+-------+---------
             D |       0 |    7882 |   0.0 |       0 |      61 |   0.0 |  3114
               +---------+---------+-------+---------+---------+-------+---------
